 Dungeon Crawl Stone Soup version 0.28-a0-1234-g826d19b2e0 (webtiles) character file.

Game seed: 7737512986405354273

3 willcat the Gusty (level 1, -3/10 HPs)
             Began as a Gargoyle Air Elementalist on Dec 24, 2021.
             Slain by a kobold (4 damage)
             ... on level 1 of the Dungeon.
             The game lasted 00:00:15 (391 turns).

willcat the Gusty (Gargoyle Air Elementalist)        Turns: 391, Time: 00:00:16

Health: -3/10      AC:  4    Str: 11    XL:     1   Next: 50%
Magic:  3/3        EV: 11    Int: 15    God:
Gold:   0          SH:  0    Dex: 10    Spells: 3/4 levels left

rFire   . . .      SeeInvis .   (no weapon)
rCold   . . .      Faith    .   (no shield)
rNeg    + . .      Spirit   .   a - +0 robe
rPois   ∞          Reflect  .   (no helmet)
rElec   +          Harm     .   (no cloak)
rCorr   .          Rampage  .   (no gloves)
Will    .....                   (no boots)
Stlth   ++........              (no amulet)
HPRegen 0.03/turn               (no ring)
MPRegen 0.08/turn               (no ring)

@: no status effects
A: sickness immunity, AC +2, negative energy resistance 1, electricity
resistance, torment resistance 1, petrification resistance
a: no special abilities


You were on level 1 of the Dungeon.
You visited 1 branch of the dungeon, and saw 1 of its levels.

Inventory:

Armour
 a - a +0 robe (worn)
Potions
 b - a potion of cancellation {unknown}


   Skills:
 + Level 1.5 Dodging
 + Level 2.1 Stealth
 + Level 2.1 Spellcasting
 + Level 1.1 Conjurations
 + Level 2.5 Air Magic


You had 3 spell levels left.
You knew the following spells:

 Your Spells              Type           Power      Damage    Failure   Level
a - Shock                 Conj/Air       28%        1d4       11%         1

Your spell library contained the following spells:

 Spells                   Type           Power      Damage    Failure   Level
 Static Discharge         Conj/Air       7%         N/A       16%         2
 Swiftness                Air            9%         N/A       22%         3
 Airstrike                Air            4%         N/A       58%         4


Dungeon Overview and Level Annotations

Branches:
Dungeon (1/15)

Altars:


Innate Abilities, Weirdness & Mutations

You are immune to sickness and miasma.
Your stone body is resilient. (AC +2)
You are immune to poison.
You resist negative energy. (rN+)
You are resistant to electric shocks. (rElec)
You are resistant to unholy torment.
You are immune to petrification.


Message History

You see here a quokka corpse.
You start resting.
Magic restored.
You start resting.
HP restored.
As you open the door, it creaks loudly!
You hear a shout!
A kobold comes into view. It is wielding a +0 whip.
The kobold throws a stone.
The stone barely misses you.
There is an open door here.
A kobold is nearby!
A kobold is nearby!
A bat comes into view.
The kobold throws a stone.
The stone closely misses you.
The bat moves out of view.
The kobold hits you but does no damage.
You hit the kobold but do no damage. The kobold hits you with a +0 whip.
You closely miss the kobold. The kobold hits you with a +0 whip.
You are too injured to fight recklessly!
You are too injured to fight recklessly!
You are too injured to fight recklessly!
You are too injured to fight recklessly!
You are too injured to fight recklessly!
You are too injured to fight recklessly!
You are too injured to fight recklessly!
You are too injured to fight recklessly!
You are too injured to fight recklessly!
You are too injured to fight recklessly!
You are too injured to fight recklessly!
You are too injured to fight recklessly!
You hit the kobold.
The kobold is moderately wounded.
The kobold hits you with a +0 whip.
* * * LOW HITPOINT WARNING * * *
You miss the kobold.
The kobold is moderately wounded.
The kobold closely misses you.
You hit the kobold.
The kobold is severely wounded.
The bat hits you but does no damage. The kobold hits you with a +0 whip.
You die...

#..... #.... 8. .8 #...#
#. .# #... 8. .8 #..
##.#.# .#########.###
####8...8
......K@.#.#8#8#8#8#...#
########...#............
#........'.#####...<..
#.....b#.#............
#......#.#8#8#8#8#...#
##..b...#.########8...8
........#........##.#.#
........#....##..#8.#.8
......>.#...####.##.#.#


You could see a bat and a kobold.

Vanquished Creatures
  An endoplasm (D:1)
  A quokka (D:1)
  A frilled lizard (D:1)
3 creatures vanquished.

Notes
Turn   | Place    | Note
-------+----------+-------------------------------------------
     0 | D:1      | willcat the Gargoyle Air Elementalist began the quest for
                  | the Orb.
     0 | D:1      | Reached XP level 1. HP: 10/10 MP: 3/3
   391 | D:1      | Slain by a kobold

Illustrated notes

Levels and vault maps discovered:
D:1:      heliophobic_arrival_ceremonial_halls, layout_basic

Action                   || total
-------------------------++-------
Melee: Unarmed           ||    17
 Cast: Shock             ||     3
Armor: Robe              ||     7
Dodge: Dodged            ||    17

Table legend: (Time is in decaauts)
 A = Elapsed time spent in this place.
 B = Non-inter-level travel time spent in this place.
 C = Inter-level travel time spent in this place.
 D = Time resting spent in this place.
 E = Time spent auto-exploring this place.
 F = Levels seen in this place.
 G = Mean time per level.
                   A        B        C        D        E       F      G
               +--------+--------+--------+--------+--------+-----+--------+
         Total |    391 |    391 |      0 |    268 |     72 |   1 |  391.0 |
       Dungeon |    391 |    391 |      0 |    268 |     72 |   1 |  391.0 |
               +--------+--------+--------+--------+--------+-----+--------+

Top non-repeatable levels by time:
     D:1: 391 daAuts
